 Dungeon Crawl Stone Soup version 0.19-a0-916-g8ae7e35 (webtiles) character file.

69 Implojin the Chopper (level 4, 0/39 HPs)
             Began as a Minotaur Fighter on July 6, 2016.
             Succumbed to an adder's poison
             ... on level 2 of the Dungeon.
             The game lasted 00:00:50 (103 turns).

Implojin the Chopper (Minotaur Fighter)              Turns: 103, Time: 00:00:51

Health: 0/39       AC:  6    Str: 21    XL:     4   Next: 2%
Magic:  3/3        EV:  7    Int:  5    God:
Gold:   0          SH:  9    Dex: 10    Spells: 0 memorised, 3 levels left

rFire  . . .     SeeInvis .     a - +0 war axe
rCold  . . .     Gourm    .     b - +0 scale mail
rNeg   . . .     Faith    .     c - +0 shield
rPois  .         Spirit   .     (helmet restricted)
rElec  .         Dismiss  .     (no cloak)
rCorr  .         Reflect  .     (no gloves)
SustAt .         Harm     .     (no boots)
MR     .....                    (no amulet)
Stlth  ..........               (no ring)
                                (no ring)

@: lethally poisoned (0 -> -7), not resistant to hostile enchantments, extremely
unstealthy
A: retaliatory headbutt, horns 2
a: no special abilities


You were on level 2 of the Dungeon.
You were not hungry.

You visited 1 branch of the dungeon, and saw 2 of its levels.

Inventory:

Hand Weapons
 a - a +0 war axe (weapon)
Armour
 b - a +0 scale mail (worn)
 c - a +0 shield (worn)
Potions
 d - a potion of might
Comestibles
 f - 2 bread rations
 g - a meat ration


   Skills:
 - Level 3.6 Fighting
 * Level 5.2 Axes
 - Level 3.6 Armour
 - Level 3.6 Shields


You had 3 spell levels left.
You didn't know any spells.

Dungeon Overview and Level Annotations

Branches:
Dungeon (2/15)

Altars:
Zin


Innate Abilities, Weirdness & Mutations

You reflexively headbutt those who attack you in melee.
You have a pair of horns on your head.


Message History

Found a wide paperback book.
Found a glowing silver altar of Zin.
An adder comes into view.
There is a shaft here.
You see here a club.
You see here a meat ration.
g - a meat ration You closely miss the adder.
You headbutt the adder, but do no damage.
The adder bites you but does no damage. You block the adder's attack.
You hit the adder.
The adder is heavily wounded.
The adder bites you but does no damage. The adder bites you.
* * * LOW HITPOINT WARNING * * *
You are poisoned.
The adder poisons you!
Unknown command.
You completely miss the adder. Your headbutt misses the adder.
The adder is heavily wounded.
You feel sick. The adder bites you.
* * * LOW HITPOINT WARNING * * *
You are lethally poisoned!
The adder poisons you! The adder bites you.
* * * LOW HITPOINT WARNING * * *
Unknown command.
You closely miss the adder.
The adder is heavily wounded.
* * * LOW HITPOINT WARNING * * *
You feel sick. The adder barely misses you. You furiously retaliate!
You headbutt the adder!
You kill the adder!
You have reached level 4!
You feel stronger.
Okay, then.
* * * LOW HITPOINT WARNING * * *
You feel sick.
You see here an adder corpse.
You aren't carrying any spellbooks or scrolls.
* * * LOW HITPOINT WARNING * * *
You feel sick.
You die...

#.......#.##.##
#.........##.#
###.#..###.##.#
#......# #.##+##
#.#.#.## #.#...# #
#.#.#.# #......
#.##(#.#.####......
#..........^.......
###....@..........
#..†.####.......
#.#.## #......
#.### #..... #.#
.#.#: ..# ._.. .##
#.## #. #.


There were no monsters in sight!

Vanquished Creatures
  A jelly (D:1)
  An adder (D:2)
  4 oozes (D:1)
  2 giant cockroaches (D:1)
  A hobgoblin (D:2)
  2 jackals (D:1)
  5 rats (D:1)
16 creatures vanquished.

Notes
Turn   | Place    | Note
-------+----------+-------------------------------------------
     0 | D:1      | Implojin the Minotaur Fighter began the quest for the Orb.
     0 | D:1      | Reached XP level 1. HP: 19/19 MP: 0/0
     1 | D:1      | Found a runed door.
     1 | D:1      | Noticed a jelly
     7 | D:1      | Reached skill level 3 in Axes
    12 | D:1      | Reached XP level 2. HP: 13/26 MP: 1/1
    26 | D:1      | Reached skill level 4 in Axes
    26 | D:1      | Reached XP level 3. HP: 9/31 MP: 2/2
    33 | D:1      | Reached skill level 5 in Axes
    87 | D:2      | Found a glowing silver altar of Zin.
   100 | D:2      | Reached XP level 4. HP: 3/39 MP: 3/3
   102 | D:2      | HP: 1/39 [poisoned by an adder]
   103 | D:2      | Succumbed to an adder's poison

Vault maps used:
D:1:      dpeg_arrival_caged_fury
D:2:      lemuel_crystal_altar, minmay_misc_feat_tower

Skill      XL: |  1  2  3 |
---------------+----------+-----
Axes           | 3 4 5 |  5.2
Fighting       | |  3.6
Armour         | |  3.6
Shields        | |  3.6

Action                   |  1- 3 |  4- 6 || total
-------------------------+-------+-------++-------
Melee: War axe           |    31 |       ||    31
       Headbutt          |     5 |       ||     5
Armor: Scale mail        |    17 |       ||    17
Dodge: Dodged            |     6 |       ||     6
Block: Shield            |    14 |       ||    14

Table legend:
 A = Turns spent in this place as a percentage of turns spent in the entire game.
 B = Non-inter-level travel turns spent in this place as a percentage of non-inter-level travel turns spent in the entire game.
 C = Inter-level travel turns spent in this place as a percentage of turns spent in this place.
 D = Turns resting spent in this place as a percentage of non-inter-level travel turns spent in this place.
 E = Turns spent auto-exploring this place as a percentage of non-inter-level travel turns spent in this place.
 F = Non-inter-level travel turns spent in this place divided by the number of levels of this place that you've seen.
                   A       B       C       D       E      F
               +-------+-------+-------+-------+-------+----------------------
         Total | 100.0 | 100.0 |   0.0 |   0.0 |   0.0 |  59.5
       Dungeon | 100.0 | 100.0 |   0.0 |   0.0 |   0.0 |  59.5
               +-------+-------+-------+-------+-------+----------------------

Table legend:
 A = Kills in this place as a percentage of kills in entire the game.
 B = Kills by you in this place as a percentage of kills by you in the entire game.
 C = Kills by friends in this place as a percentage of kills by friends in the entire game.
 D = Other kills in this place as a percentage of other kills in the entire game.
 E = Experience gained in this place as a percentage of experience gained in the entire game.
 F = Experience gained in this place divided by the number of levels of this place that you have seen.
                   A       B       C       D       E      F
               +-------+-------+-------+-------+-------+----------------------
         Total | 100.0 | 100.0 |  -nan |  -nan | 100.0 |  49.5
       Dungeon | 100.0 | 100.0 |  -nan |  -nan | 100.0 |  49.5
               +-------+-------+-------+-------+-------+----------------------
